AoeStats
← El Fantasma de Pancho Villa

Arena

508359424Analyzed
4v4 RM · 10d ago on Sep 22, 2026· 43m 3s· 8 players
Game mode
Random Map
Map size
Large (8 player)
Population
200
Speed
Normal
Resources
Standard
Victory
Conquest
Starting age
Dark Age
Ending age
Imperial Age
RankedLock teamsTeams togetherTeam positionsShared explorationLock speedFull tech treeHidden civsTurbo modeCheats
Victory
Defeat
🇨🇦 Teutons · Canada
1241
+14
🇨🇦 Jurchens · Canada
1231
+14
🇨🇦 Shu · Canada
1220
+14
🇺🇸 Cumans · United States
1195
+15
🇺🇸 Portuguese · United States
1390
-22
🇨🇱 Mongols · Chile
1234
-16
🇨🇱 Magyars · Chile
1105
-11
🇨🇱 Goths · Chile
1018
-8
El Fantasma de Pancho Villa
13:39 Feudal Age
15:26 Double-Bit Axe
17:57 Scale Mail Armor
18:13 Forging
18:40 Man-at-Arms
23:28 Padded Archer Armor
23:18 Fletching
25:49 Wheelbarrow
30:08 Castle Age
29:03 Horse Collar
30:16 Crossbowman
31:02 Bodkin Arrow
31:23 Leather Archer Armor
32:16 Hand Cart
34:23 Pikeman
35:20 Chain Mail Armor
35:14 Town Watch
36:14 Ballistics
36:23 Thumb Ring
38:06 Iron Casting
42:15 Imperial Age
40:09 Scale Barding Armor
40:31 Bloodlines
40:16 Light Cavalry
41:04 Heavy Plow
41:50 Chain Barding Armor
42:33 Elite Steppe Lancer
Abhinav
9:52 Feudal Age
14:13 Castle Age
12:59 Double-Bit Axe
16:42 Bow Saw
16:36 Loom
16:38 Town Watch
20:38 Gold Mining
22:37 Wheelbarrow
22:05 Fletching
24:14 Town Patrol
30:05 Imperial Age
27:33 Pikeman
28:54 Crossbowman
29:39 Thumb Ring
29:31 Bodkin Arrow
29:36 Padded Archer Armor
31:14 Conscription
32:11 Chemistry
31:41 Ballistics
31:53 Arbalester
33:56 Bracer
34:11 Leather Archer Armor
35:26 Siege Engineers
37:03 Onager
42:40 Ring Archer Armor
42:43 Coinage
sharmamehul
9:39 Feudal Age
14:09 Castle Age
12:31 Double-Bit Axe
12:39 Horse Collar
19:40 Stone Mining
23:24 Town Watch
25:21 Wheelbarrow
25:04 Heavy Plow
25:15 Bow Saw
25:14 Padded Archer Armor
25:30 Loom
25:48 Gold Mining
26:31 Fletching
27:17 Hand Cart
27:26 Ballistics
27:17 Masonry
31:13 Imperial Age
29:40 Leather Archer Armor
29:44 Siege Engineers
29:20 Treadmill Crane
29:05 Elite Skirmisher
30:59 Gold Shaft Mining
30:59 Stone Shaft Mining
32:30 Coinage
32:25 Conscription
32:17 Thunderclap Bombs
34:07 Chemistry
33:39 Architecture
33:43 Crop Rotation
34:16 Two-Man Saw
35:19 Capped Ram
36:20 Siege Ram
41:59 Ring Archer Armor
41:24 Bodkin Arrow
42:07 Banking
41:48 Guilds
41:47 Crossbowman
43:28 Bracer
AgRiMz
11:06 Feudal Age
15:06 Castle Age
13:44 Horse Collar
15:19 Double-Bit Axe
21:45 Loom
22:41 Bow Saw
24:09 Gold Mining
24:12 Stone Mining
25:21 Wheelbarrow
24:57 Town Watch
29:49 Imperial Age
28:06 Hand Cart
27:29 Pikeman
28:10 Squires
27:56 Arson
28:12 Scale Mail Armor
28:41 Fletching
29:01 Forging
29:26 Chain Mail Armor
29:11 Padded Archer Armor
30:37 Bodkin Arrow
30:28 Man-at-Arms
30:53 Gambesons
31:32 Conscription
32:00 Plate Mail Armor
31:41 Heavy Plow
32:14 Halberdier
35:23 Iron Casting
34:34 Onager
37:06 Blast Furnace
36:41 Ironclad
36:14 Capped Ram
38:43 Chemistry
38:31 Elite Teutonic Knight
40:34 Ballistics
43:03 Crenellations
AiM | _MrSuomi
10:07 Feudal Age
14:17 Castle Age
13:41 Horse Collar
13:53 Double-Bit Axe
22:08 Bow Saw
24:51 Gold Mining
25:50 Stone Mining
28:46 Wheelbarrow
27:57 Town Watch
27:59 Loom
31:42 Imperial Age
29:14 Scale Mail Armor
28:51 Pikeman
30:45 Heavy Plow
31:22 Stone Shaft Mining
31:42 Chain Mail Armor
32:09 Forging
31:46 Halberdier
33:34 Plate Mail Armor
33:48 Arson
34:39 Iron Casting
34:31 Light Cavalry
35:22 Bloodlines
35:18 Scale Barding Armor
36:25 Chain Barding Armor
39:16 Chemistry
38:39 Conscription
RafaMath
10:49 Feudal Age
12:17 Wheelbarrow
16:05 Castle Age
14:34 Double-Bit Axe
16:02 Town Watch
18:06 Fletching
32:00 Loom
32:42 Bow Saw
32:17 Horse Collar
35:51 Bodkin Arrow
LACOSA
2:37 Loom
12:29 Feudal Age
16:29 Castle Age
15:55 Double-Bit Axe
17:49 Wheelbarrow
30:16 Imperial Age
30:47 Hand Cart
31:21 Bow Saw
32:46 Scale Barding Armor
32:05 Cavalier
32:47 Husbandry
33:00 Bloodlines
32:42 Horse Collar
33:16 Paladin
34:20 Chain Barding Armor
37:02 Man-at-Arms
39:16 Plate Barding Armor
38:28 Long Swordsman
39:27 Two-Handed Swordsman
40:05 Champion
40:44 Light Cavalry
RafaelLoz
0:29 Loom
11:32 Feudal Age
16:09 Castle Age
15:31 Wheelbarrow
16:11 Double-Bit Axe
17:37 Bow Saw
19:49 Squires
21:14 Pikeman
26:51 Forging
33:28 Imperial Age
34:21 Iron Casting
33:48 Halberdier
34:24 Man-at-Arms
35:39 Elite Huskarl
37:16 Scale Mail Armor
38:10 Horse Collar
38:09 Long Swordsman
39:30 Anarchy
38:59 Two-Handed Swordsman
41:57 Blast Furnace
42:54 Chemistry
42:02 Two-Handed Swordsman
43:48 Chain Mail Armor
Connection lost

Rejoining the realm…

Still unreachable

The connection could not be restored.

Session expired

The server has moved on; the page needs a fresh start.